 Dungeon Crawl Stone Soup version 0.21-a0-361-g4efd3f9 (webtiles) character file.

23 tidbits the Charmwright (level 3, 31/31 HPs)
             Began as a Gnoll Skald on Oct 13, 2017.
             Quit the game on level 1 of the Dungeon.
             The game lasted 00:02:37 (457 turns).

tidbits the Charmwright (Gnoll Skald)                Turns: 457, Time: 00:02:38

Health: 31/31      AC:  5    Str: 13    XL:     3   Next: 0%
Magic:  9/9        EV: 14    Int: 16    God:
Gold:   109        SH:  0    Dex: 14    Spells: 0/11 levels left

rFire    . . .     SeeInvis .   a - +0 hand axe
rCold    . . .     Gourm    .   (no shield)
rNeg     . . .     Faith    .   B - +0 leather armour
rPois    .         Spirit   .   (no helmet)
rElec    .         Reflect  .   (no cloak)
rCorr    .         Harm     .   G - +0 pair of gloves
MR       .....                  F - +0 pair of boots
Stlth    +.........             (no amulet)
HPRegen  0.10/turn              (no ring)
MPRegen  0.11/turn              (no ring)

@: no status effects
A: distributed training, fangs 1, strong nose
a: no special abilities


You were on level 1 of the Dungeon.
You were not hungry.

You visited 1 branch of the dungeon, and saw 2 of its levels.

You collected 109 gold pieces.

Inventory:

Hand Weapons
 a - a +0 hand axe (weapon)
Missiles
 g - 39 arrows
Armour
 B - a +0 leather armour (worn)
 F - a +0 pair of boots (worn)
 G - a +0 pair of gloves (worn)
Wands
 j - a wand of iceblast (10/15)
Scrolls
 h - a scroll of fear {unknown}
Potions
 e - a potion of curing
 i - a potion of heal wounds {unknown}
 k - 2 potions of berserk rage {unknown}
 l - a potion of might {unknown}
Books
 c - a book of Battle

   Spells                             Type                      Level
   a - Infusion                       Charms                       1
   b - Shroud of Golubria             Charms/Translocation         2
   c - Song of Slaying                Charms                       2
   d - Spectral Weapon                Hexes/Charms                 3
   e - Regeneration                   Charms/Necromancy            3
Comestibles
 b - 2 meat rations
 d - a bread ration
 f - 2 fruits


   Skills:
 + Level 4.5 Fighting
 + Level 0.5 Short Blades
 + Level 0.5 Long Blades
 + Level 4.5 Axes
 + Level 0.5 Maces & Flails
 + Level 0.5 Polearms
 + Level 0.5 Staves
 + Level 0.5 Slings
 + Level 0.5 Bows
 + Level 0.5 Crossbows
 + Level 0.5 Throwing
 + Level 2.5 Armour
 + Level 4.5 Dodging
 + Level 0.5 Stealth
 + Level 0.5 Shields
 + Level 0.5 Unarmed Combat
 + Level 4.9 Spellcasting
 + Level 0.4 Conjurations
 + Level 0.4 Hexes
 + Level 5.4 Charms
 + Level 0.4 Summonings
 + Level 0.4 Necromancy
 + Level 0.4 Translocations
 + Level 0.4 Transmutations
 + Level 0.4 Fire Magic
 + Level 0.4 Ice Magic
 + Level 0.4 Air Magic
 + Level 0.4 Earth Magic
 + Level 0.4 Poison Magic
 + Level 0.7 Invocations
 + Level 0.5 Evocations


You couldn't memorise any spells.
You knew the following spells:

 Your Spells              Type           Power        Failure   Level  Hunger
g - Shroud of Golubria    Chrm/Tloc      ##........   9%          2    ##.....
i - Infusion              Chrm           ###.         1%          1    None
r - Regeneration          Chrm/Necr      ##........   17%         3    ###....
w - Spectral Weapon       Hex/Chrm       ##......     17%         3    ###....
y - Song of Slaying       Chrm           ###.....     3%          2    ##.....


Dungeon Overview and Level Annotations

Branches:
Dungeon (2/15)

Altars:


Innate Abilities, Weirdness & Mutations

Your experience applies equally to all skills.
You have very sharp teeth.
Your uncanny sense of smell can sniff out nearby items.


Message History

You barely miss the worm. You bite the worm, but do no damage.
The worm is moderately wounded.
You hit the dart slug.
You kill the dart slug!
The worm closely misses you. The dart slug launches a dart at you.
The slug dart misses you.
Found a scroll labeled CUAD ENUDWEU.
You hit the worm.
The worm is heavily wounded.
You hit the dart slug but do no damage.
The dart slug bites you but does no damage.
The worm misses you.
You hit the worm but do no damage.
The worm is heavily wounded.
You hit the dart slug. The dart slug barely misses you.
The worm closely misses you.
You hit the worm.
The worm is severely wounded.
You hit the dart slug but do no damage. The dart slug misses you.
You hit the worm.
You kill the worm!
You hit the dart slug. You hit the dart slug.
You kill the dart slug!
Found an escape hatch in the floor.
h - a scroll labeled CUAD ENUDWEU A worm comes into view.
You barely miss the worm. You hit the worm!
The worm is heavily wounded.
The worm bites you.
You hit the worm!
You kill the worm!
There is an escape hatch in the floor here.
There is a stone staircase leading up here.
You climb upwards.
There is a stone staircase leading down here.
Your magical infusion is running out.
You are no longer magically infusing your attacks.
Found 11 gold pieces.
Found 2 smoky red potions.
k - 2 smoky red potions A frilled lizard comes into view.
The frilled lizard hisses angrily.
Casting: Infusion
Confirm with . or Enter, or press ? or * to list all spells.
You begin infusing your attacks with magical energy.
The frilled lizard closely misses you.
You hit the frilled lizard!
You kill the frilled lizard!
Found 22 arrows.
Found 16 gold pieces.
You now have 70 gold pieces (gained 11).
Found a grey potion.
You now have 86 gold pieces (gained 16).
Found 12 gold pieces.
l - a grey potion
g - 39 arrows (gained 22)
Your magical infusion is running out.
You now have 98 gold pieces (gained 12).
Found a dagger.
HP restored.
You are no longer magically infusing your attacks.
Found 11 gold pieces.
A hobgoblin comes into view. It is wielding a club.
Found a meat ration.
The hobgoblin shouts!
You see here 11 gold pieces.
You now have 109 gold pieces (gained 11).
Casting: Infusion
Confirm with . or Enter, or press ? or * to list all spells.
You begin infusing your attacks with magical energy.
You hit the hobgoblin.
The hobgoblin is heavily wounded.
The hobgoblin hits you but does no damage.
You hit the hobgoblin.
You kill the hobgoblin!
You have reached level 3!
Your experience leads to an increase in your attributes!
Increase (S)trength, (I)ntelligence, or (D)exterity?
You feel clever.
Memorise Song of Slaying, consuming 2 spell levels and leaving 8?
You start memorising the spell.
You continue memorising. x2
You finish memorising.
Spell assigned to 'y'.
Memorise Shroud of Golubria, consuming 2 spell levels and leaving 6?
You start memorising the spell.
You continue memorising. x2
You finish memorising.
Spell assigned to 'g'.
Memorise Regeneration, consuming 3 spell levels and leaving 3?
You start memorising the spell.
You continue memorising. x3
You finish memorising.
Spell assigned to 'r'.
Memorise Spectral Weapon, consuming 3 spell levels and leaving 0?
You start memorising the spell.
You continue memorising. x3
You finish memorising.
Spell assigned to 'w'.
Your magical infusion is running out.
You see here a club.
b - 2 meat rations (gained 1)
You are no longer magically infusing your attacks.
Magic restored.
Are you sure you want to abandon this character and quit the game? (Confirm with "yes".)

##........#.##....
#.........#.#.....
#.........'.'.....
#.........#.#.....
##.......##.##...†
###[...###'####.. ∆
#'#####...#####
####.###.......###
#@#...#.........#.
#.#...'....<....'.
#.#...#.........#.
##.##.###.......###
#..##.#####..)#####
#.###..# ##+## #.
#.# ##.............
#.# ##############
#.#


There were no monsters in sight!

Vanquished Creatures
  2 worms (D:2)
  2 dart slugs (D:2)
  2 leopard geckos
  3 hobgoblins
  A ball python (D:2)
  2 frilled lizards (D:1)
  A kobold (D:2)
13 creatures vanquished.

Notes
Turn   | Place    | Note
-------+----------+-------------------------------------------
     0 | D:1      | tidbits the Gnoll Skald began the quest for the Orb.
     0 | D:1      | Reached XP level 1. HP: 20/20 MP: 6/6
   272 | D:2      | Reached XP level 2. HP: 22/26 MP: 3/7
   416 | D:1      | Reached XP level 3. HP: 31/31 MP: 5/9
   420 | D:1      | Learned a level 2 spell: Song of Slaying
   423 | D:1      | Learned a level 2 spell: Shroud of Golubria
   427 | D:1      | Learned a level 3 spell: Regeneration
   431 | D:1      | Learned a level 3 spell: Spectral Weapon
   457 | D:1      | Quit the game

Vault maps used:
D:1:      dpeg_arrival_three_smaller_balls
D:2:      st_stairs_13, nemelex_diamond_rough_becter, uniq_natasha

Action                   || total
-------------------------++-------
Melee: Hand axe          ||    33
       Bite              ||     1
 Cast: Infusion          ||     7
  Use: Scroll            ||     2
Armor: Leather armour    ||     4
Dodge: Dodged            ||    29

Table legend:
 A = Spawn XP
 B = Non-spawn XP
 C = Spawn XP percentage of total XP
 D = Spawn monster count
 E = Non-spawn monster count
 F = Spawn count percentage of total count
 G = Total turns spent on level
                    A         B        C        D         E        F      G
               +---------+---------+-------+---------+---------+-------+---------
         Total |       0 |      34 |   0.0 |       0 |      13 |   0.0 |   457
               +---------+---------+-------+---------+---------+-------+---------
           D:1 |       0 |       9 |   0.0 |       0 |       5 |   0.0 |   369
           D:2 |       0 |      25 |   0.0 |       0 |       8 |   0.0 |    88
               +---------+---------+-------+---------+---------+-------+---------

Table legend:
 A = Turns spent in this place as a percentage of turns spent in the entire game.
 B = Non-inter-level travel turns spent in this place as a percentage of non-inter-level travel turns spent in the entire game.
 C = Inter-level travel turns spent in this place as a percentage of turns spent in this place.
 D = Turns resting spent in this place as a percentage of non-inter-level travel turns spent in this place.
 E = Turns spent auto-exploring this place as a percentage of non-inter-level travel turns spent in this place.
 F = Non-inter-level travel turns spent in this place divided by the number of levels of this place that you've seen.
                   A       B       C       D       E      F
               +-------+-------+-------+-------+-------+----------------------
         Total | 100.0 | 100.0 |   4.8 |   0.0 |   0.0 | 217.5
       Dungeon | 100.0 | 100.0 |   4.8 |   0.0 |   0.0 | 217.5
               +-------+-------+-------+-------+-------+----------------------

Table legend:
 A = Kills in this place as a percentage of kills in entire the game.
 B = Kills by you in this place as a percentage of kills by you in the entire game.
 C = Kills by friends in this place as a percentage of kills by friends in the entire game.
 D = Other kills in this place as a percentage of other kills in the entire game.
 E = Experience gained in this place as a percentage of experience gained in the entire game.
 F = Experience gained in this place divided by the number of levels of this place that you have seen.
                   A       B       C       D       E      F
               +-------+-------+-------+-------+-------+----------------------
         Total | 100.0 | 100.0 |   N/A |   N/A | 100.0 |  17.0
       Dungeon | 100.0 | 100.0 |   N/A |   N/A | 100.0 |  17.0
               +-------+-------+-------+-------+-------+----------------------

Vault maps used:
D:1:      dpeg_arrival_three_smaller_balls
D:2:      st_stairs_13, nemelex_diamond_rough_becter, uniq_natasha
